 Dungeon Crawl Stone Soup version 0.20.1-1-g8b1a95d (webtiles) character file.

29 Romulous the Skirmisher (level 3, 33/33 HPs)
             Began as a Minotaur Fighter on Nov 9, 2017.
             Got out of the dungeon alive.
             The game lasted 00:02:22 (962 turns).

Romulous the Skirmisher (Minotaur Fighter)           Turns: 962, Time: 00:02:23

Health: 33/33      AC:  7    Str: 21    XL:     3   Next: 1%
Magic:  2/2        EV:  7    Int:  5    God:
Gold:   72         SH:  9    Dex:  9    Spells: 2/2 levels left

rFire    . . .     SeeInvis .   a - +0 war axe
rCold    . . .     Gourm    .   c - +0 shield
rNeg     . . .     Faith    .   b - +0 scale mail
rPois    .         Spirit   .   (helmet restricted)
rElec    .         Reflect  .   (no cloak)
rCorr    .         Harm     .   (no gloves)
MR       .....                  (no boots)
Stlth    ..........             s - amulet of inaccuracy (curse)
Regen    0.2/turn               (no ring)
MPRegen  0.1/turn               (no ring)

@: no status effects
A: retaliatory headbutt, horns 2
a: no special abilities


You escaped.
You were not hungry.

You visited 1 branch of the dungeon, and saw 1 of its levels.

You collected 72 gold pieces.

Inventory:

Hand Weapons
 a - a +0 war axe (weapon)
Armour
 b - a +0 scale mail (worn)
 c - a +0 shield (worn)
 r - a +0 pair of boots
Jewellery
 s - a cursed amulet of inaccuracy (around neck)
Scrolls
 e - 5 scrolls of identify {unknown}
 h - a scroll of fog {unknown}
 k - 2 scrolls of enchant armour {unknown}
 m - a scroll of blinking {unknown}
 n - a scroll of recharging {unknown}
 o - a scroll of remove curse {unknown}
Potions
 d - a potion of might
 g - a potion of flight {unknown}
 i - a potion of haste {unknown}
 j - a potion of invisibility {unknown}
 q - 2 potions of mutation {unknown}
Comestibles
 f - a bread ration
 l - a royal jelly
 p - a meat ration


   Skills:
 + Level 4.3 Fighting
 + Level 2.8 Axes
 + Level 3.9 Armour
 + Level 3.9 Shields


You had 2 spell levels left.
You didn't know any spells.

Dungeon Overview and Level Annotations

Branches:
Dungeon (1/15)

Altars:


Innate Abilities, Weirdness & Mutations

You reflexively headbutt those who attack you in melee.
You have a pair of horns on your head.


Message History

Your experience leads to an increase in your attributes!
Increase (S)trength, (I)ntelligence, or (D)exterity?
You feel stronger.
q - 2 metallic silvery potions You now have 72 gold pieces (gained 6).
s - a dented golden amulet
There is an open door here.
There is an open door here.
Done exploring.
Done exploring.
Oops, that amulet feels deathly cold.
s - a cursed amulet of inaccuracy (around neck)
There is an open door here.
You open the door.
There is an open door here.
There is an open door here.
There is a staircase leading out of the dungeon here.
You can't go down here!
Are you sure you want to leave the Dungeon?
This will make you lose the game!
You have escaped!

##.....##.####.##.# #.# #..
......###.####.##.# #.# #.#
##..........##.##.# ####.###.#
###.###..#.......# #......... #.#
#.########## ##.######.# #.#
##.### #.# ###.## #.# #.#
##..####'####..## #.. #.#
###..'...'..### #.. #.#
####.@.#### #..
####.#######..'...'..### #..
..##....##..####'####..########..
......#.#.### #.# ###.##.......
#.##....### #.# ####.####..
#.#....## ##.# #.# #..
#......########..# #.# #..
#.#.............## #.# #..
#.##.##########.# #.# ###


There were no monsters in sight!

Vanquished Creatures
  An ooze (D:1)
  A dart slug (D:1)
  2 leopard geckos (D:1)
  A giant cockroach (D:1)
  2 goblins (D:1)
  5 hobgoblins (D:1)
  3 bats (D:1)
  A frilled lizard (D:1)
  2 kobolds (D:1)
  A rat (D:1)
19 creatures vanquished.

Notes
Turn   | Place    | Note
-------+----------+-------------------------------------------
     0 | D:1      | Romulous the Minotaur Fighter began the quest for the Orb.
     0 | D:1      | Reached XP level 1. HP: 19/19 MP: 0/0
    80 | D:1      | Reached XP level 2. HP: 27/27 MP: 1/1
   201 | D:1      | Reached skill level 4 in Fighting
   820 | D:1      | Reached XP level 3. HP: 30/33 MP: 2/2
   962 | D:$      | Got out of the dungeon alive.

Skill      XL: |  1  2 |
---------------+-------+-----
Fighting       | 4 |  4.3
Axes           | |  2.8
Armour         | |  3.9
Shields        | |  3.9

Action                   || total
-------------------------++-------
Melee: War axe           ||    40
       Headbutt          ||     7
Armor: Scale mail        ||    21
Dodge: Dodged            ||    14
Block: Shield            ||    20
